Cogmind - Beta 14 @@@ ROGUE MODE // 2025.03.01 @ 16:31:02 Player: vahar Result: Destroyed by GD-FXI(R) with Subdweller Machine Gun Performance ------------- Evolutions (0) 0 Regions Visited (2) 400 Robots Destroyed (9) 45 Value Destroyed (238) 238 Prototype IDs (0) 0 Alien Tech Used (0) 0 Bonus (0) 0 TOTAL SCORE: 683 Bonus ------- None Cogmind --------- Core Integrity 0/250 Matter 300/300 Energy 124/125 System Corruption 0% Temperature Cool (9) Movement Core (100) Ox1 Location -10/Subcaves Parts ------- > --- POWER (1) -------- Light Ion Engine > --- PROPULSION (2) --- (None) > --- UTILITY (2) ------ (None) > --- WEAPON (2) ------- Small Laser Light Assault Rifle > --- INVENTORY (5) ---- Light Ion Engine Medium Laser Light Assault Rifle Subdweller Machine Gun Peak State ------------ > --- POWER ------------ Light Ion Engine > --- PROPULSION ------- Wheel Wheel > --- UTILITY ---------- Improved Terrain Scanner Seismic Detector > --- WEAPON ----------- Medium Laser Small Laser > --- INVENTORY -------- Light Ion Engine Small Laser Small Laser [Rating: 9] Favorites ----------- Power Light Ion Engine Engine Light Ion Engine Propulsion Wheel Leg Aluminum Leg Wheel Wheel Utility Improved Terrain Scanner Device Improved Terrain Scanner Storage Large Matter Pod Protection Scrap Shield Weapon Small Laser Energy Gun Small Laser Ballistic Gun Light Assault Rifle Special Weapon Mining Laser Build | -11 -10 -10 ------- Run | Yrd Mat Sub Slots Evolved . | . . . Power . | . . . Propulsion . | . . . Utility . | . . . Weapon . | . . . Parts Attached 25 | 12 11 2 Power 3 | 1 1 1 Engine 3 | 1 1 1 Core . | . . . Reactor . | . . . Propulsion 6 | 4 2 . Treads . | . . . Leg 3 | 1 2 . Wheel 3 | 3 . . Hover . | . . . Flight . | . . . Utility 7 | 2 4 1 Device 5 | 2 3 . Storage 1 | . 1 . Processor . | . . . Hackware . | . . . Protection 1 | . . 1 Artifact . | . . . Weapon 9 | 5 4 . Energy Gun 7 | 4 3 . Energy Cannon . | . . . Ballistic Gun 1 | . 1 . Ballistic Cannon . | . . . Launcher . | . . . Special Weapon 1 | 1 . . Impact Weapon . | . . . Slashing Weapon . | . . . Piercing Weapon . | . . . Special Melee Weapon . | . . . Unidentified Prototypes . | . . . Parts Lost 7 | . 4 3 Power 1 | . 1 . Propulsion 4 | . 2 2 Utility 1 | . . 1 Weapon 1 | . 1 . Highest Loss Streak 4 | . 4 3 To Critical Strikes . | . . . Average Slot Usage (%) 96 | . 98 86 Engine 13 | . 13 14 Leg 18 | . 16 26 Wheel 8 | . 10 . Device 21 | . 25 2 Storage 2 | . 2 2 Protection 1 | . . 11 Energy Gun 23 | . 25 14 Ballistic Gun 4 | . 2 14 Peak Build Rating 9 | 9 9 9 Average Rating 7 | 5 8 8 On Entrance 6 | . 9 9 Naked Turns . | . . . Heaviest Build 23 | 8 11 23 Greatest Support 20 | 20 20 20 Greatest Overweight (x) 2 | . 1 2 Average Overweight (x) . | . . . Largest Inventory Capacity 5 | 5 5 5 Average Capacity 5 | 5 5 5 Most Carried 5 | 5 5 5 Average Carried 3 | 2 4 3 Final Capacity 5 | 5 5 5 Final Carried 5 | 4 5 4 Class Distribution -------------------- 63% | Mutant 36% | Scavenger-Mutant Dominant Class ---------------- Scavenger-Mutant | -10/Materials Scavenger-Mutant | -10/Subcaves Resources | -11 -10 -10 ----------- Run | Yrd Mat Sub Matter Collected 578 | 320 245 13 Remotely . | . . . Salvage Created 311 | 107 204 . Parts 17 | 8 9 . Haulers Intercepted . | . . . Recyclers Shooed . | . . . Parts Field Recycled . | . . . Retrieved Matter . | . . . Parts Self-Destructed 4 | . . 4 Prevented . | . . . Kills | -11 -10 -10 ------- Run | Yrd Mat Sub Combat Hostiles Destroyed 6 | 1 5 . Guns 6 | 1 5 . Classes Destroyed 2 | 2 . . Tunneler 3 | 3 . . Grunt 6 | 1 5 . Best Kill Streak 3 | 2 3 . Combat Bots Only 3 | 1 3 . Max Kills in Single Turn 1 | 1 1 . Gunslinging . | . . . Exploded . | . . . Melee . | . . . Uniques/NPCs Destroyed . | . . . Combat | -11 -10 -10 -------- Run | Yrd Mat Sub Hostile Shots Fired 98 | 1 66 31 Missed 30 | 1 18 11 Damage Taken 1064 | . 611 453 Core 265 | . 111 154 Absorbed by Shields . | . . . Core Remaining (%) 100 | 100 . . Volleys Fired 46 | 11 30 5 Largest 2 | 2 2 2 Hottest 100 | 100 90 60 Shots Fired 82 | 17 58 7 Gun 77 | 12 58 7 Cannon . | . . . Launcher . | . . . Special 5 | 5 . . Kinetic 5 | . . 5 Thermal 77 | 17 58 2 Explosive . | . . . Electromagnetic . | . . . Robot Hit Streak 9 | 9 7 2 Robot Miss Streak 3 | 1 3 2 Penetration Max . | . . . Secondary Targets 1 | . 1 . Max Gunslinging Chain 1 | . 1 . Shots Hit Robots 50 | 10 37 3 Core Hits 17 | 5 11 1 Critical Kills . | . . . Critical Parts Destroyed . | . . . Critical Strikes . | . . . Melee Attacks . | . . . Impact . | . . . Slashing . | . . . Piercing . | . . . Sneak Attacks . | . . . Combat Hostiles . | . . . Follow-up Attacks . | . . . Damage Inflicted 585 | 120 430 35 Guns 585 | 120 430 35 Cannons . | . . . Explosions . | . . . Melee . | . . . Ramming . | . . . Kinetic 24 | . . 24 Thermal 561 | 120 430 11 Explosive . | . . . Electromagnetic . | . . . Impact . | . . . Slashing . | . . . Piercing . | . . . Highest Corruption . | . . . Average Corruption . | . . . Corruption Purged . | . . . Corruption Blocked . | . . . Overload Shots . | . . . Overflow Damage . | . . . Projectiles . | . . . Explosions . | . . . Melee . | . . . Knockbacks . | . . . Impact . | . . . Kinetic . | . . . Secondary . | . . . Self-Inflicted Damage . | . . . Shots . | . . . Rammed . | . . . Targets Rammed . | . . . Kicked . | . . . Crushed . | . . . Highest Temperature 427 | 80 427 . Average Temperature 138 | 38 178 . Received Heat Transfer 402 | . 342 60 Effects 1 | . 1 . Energy Bleed 1 | . 1 . Siege Activations . | . . . Robots Corrupted . | . . . Combat Hostiles . | . . . Parts Fried . | . . . Impact Corruptions . | . . . Robots Melted . | . . . Combat Hostiles . | . . . Parts Melted . | . . . Heat Transferred 1369 | 322 1022 25 Parts Sabotaged . | . . . Parts Stolen . | . . . Parts Stripped . | . . . Power Chain Reactions . | . . . Alert | -11 -10 -10 ------- Run | Yrd Mat Sub Peak Influence 149 | 20 149 . Initial 9 | . 9 . Average 22 | 12 32 . Maximum Alert Level . | . . . Low Security (%) 100 | 100 100 . Level 1 . | . . . Level 2 . | . . . Level 3 . | . . . Level 4 . | . . . Level 5 . | . . . High Security . | . . . Max Security . | . . . Squads Dispatched 1 | . 1 . Investigation . | . . . Extermination . | . . . Reinforcement 1 | . 1 . Assault . | . . . Garrison . | . . . Intercept . | . . . Searches Triggered . | . . . Construction Impeded . | . . . Haulers Reinforced . | . . . Active Scanning Responses . | . . . Cargo Convoy Interrupts . | . . . Stealth | -11 -10 -10 --------- Run | Yrd Mat Sub Distress Signals . | . . . Communications Jammed . | . . . Distress Signals . | . . . Times Spotted 27 | 1 12 14 Peak Tracking Total 13 | 1 3 13 Tactical Retreats 2 | . 2 . Traps | -11 -10 -10 ------- Run | Yrd Mat Sub Traps Triggered . | . . . Indirectly . | . . . Trap Hack Attempts . | . . . Triggered . | . . . Disarmed . | . . . Reprogrammed . | . . . Reused . | . . . Traps Extracted . | . . . Installed . | . . . Triggered . | . . . Machines | -11 -10 -10 ---------- Run | Yrd Mat Sub Machines Disabled . | . . . Max in Single Turn . | . . . Machines Repaired . | . . . Machines Dismantled . | . . . Machines Sabotaged . | . . . Overloaded Fab Kills . | . . . Hacking | -11 -10 -10 --------- Run | Yrd Mat Sub Machines Accessed 2 | . 2 . Terminals 1 | . 1 . Fabricators . | . . . Repair Stations . | . . . Recycling Units 1 | . 1 . Scanalyzers . | . . . Garrison Access . | . . . Total Hacks 3 | . 3 . Successful 1 | . 1 . Failed 2 | . 2 . Catastrophic 1 | . 1 . Database Lockouts . | . . . Manual . | . . . Terminals 1 | . 1 . Fabricators . | . . . Repair Stations . | . . . Recycling Units 2 | . 2 . Scanalyzers . | . . . Garrison Access . | . . . Terminal Hacks . | . . . Fabricator Hacks . | . . . Repair Station Hacks . | . . . Recycling Unit Hacks 1 | . 1 . Process 1 | . 1 . Scanalyzer . | . . . Garrison Access Hacks . | . . . Unauthorized Hacks . | . . . Terminals . | . . . Fabricators . | . . . Repair Stations . | . . . Recycling Units . | . . . Scanalyzers . | . . . Garrison Access . | . . . Data Cores Recovered . | . . . Used . | . . . Hacking Detections 1 | . 1 . Full Trace Events . | . . . Feedback Events . | . . . Feedback Blocked . | . . . Robot Schematics Acquired . | . . . Robots Built . | . . . Authchips . | . . . Time . | . . . Total Robot Build Rating . | . . . Part Schematics Acquired . | . . . Parts Built . | . . . Authchips . | . . . Time . | . . . Total Part Build Rating . | . . . Parts Repaired . | . . . Time . | . . . Parts Recycled . | . . . Recycled Matter 4 | . 4 . Retrieved Matter . | . . . Retrieved Components . | . . . Parts Scanalyzed . | . . . Part Schematics Acquired . | . . . Parts Damaged . | . . . Bothacking | -11 -10 -10 ------------ Run | Yrd Mat Sub Used RIF Installer . | . . . Robots Hacked . | . . . Non-combat . | . . . Combat . | . . . Robot Hacks Applied . | . . . Relay Couplers Released . | . . . Fabnet Peak Effective % . | . . . Robots Rewired . | . . . Allies Hacked . | . . . Hacks Repelled . | . . . Allies | -11 -10 -10 -------- Run | Yrd Mat Sub Total Allies . | . . . Largest Group . | . . . Highest-Rated Group . | . . . Highest-Rated Ally . | . . . Total Orders . | . . . Ally Attacks . | . . . Total Damage . | . . . Kills . | . . . Allies Corrupted . | . . . Allies Melted . | . . . Intel | -11 -10 -10 ------- Run | Yrd Mat Sub Robot Analysis Total . | . . . Derelict Logs Recovered . | . . . Drone Launches . | . . . Drone Recoveries . | . . . Exploration | -11 -10 -10 ------------- Run | Yrd Mat Sub Turns Passed 1422 | 631 661 130 Spaces Moved 793 | 253 477 63 Core 27 | 24 1 2 Treads . | . . . Legs 284 | . 223 61 Wheels 482 | 229 253 . Hover . | . . . Flight . | . . . Fastest Speed 50 | 50 80 100 Average Speed 97 | 77 98 174 Slowest Speed 260 | 80 120 260 Overloaded Moves . | . . . Propulsion Burnouts . | . . . Robots Hopped . | . . . Cave-ins Triggered . | . . . Exploration Rate (%) 16 | 18 25 6 Regions Visited 2 Branch Regions 1 Pre-discovered Areas . | . . . Known Exits Taken . | . . . Unknown Exits Taken 2 | 1 1 . Scrap Searched . | . . . Spaces Dug 2 | 2 . . Terrain Destroyed 2 | 2 . . Melee . | . . . Projectile 2 | 2 . . AOE . | . . . Terrain Rammed . | . . . Walls Destroyed . | . . . Machines Disabled . | . . . Actions | -11 -10 -10 --------- Run | Yrd Mat Sub Total 1350 | 663 608 79 Wait 450 | 369 78 3 Move 791 | 252 476 63 Hop . | . . . Pick Up 25 | 14 9 2 Fast Attach . | . . . Attach 16 | 10 5 1 Detach 2 | 2 . . Swap 9 | 2 6 1 Drop 11 | 3 4 4 Fire 46 | 11 30 5 Melee . | . . . Ram . | . . . Kick . | . . . Crush . | . . . Escape Stasis . | . . . Rewire . | . . . Trap . | . . . Miscellaneous . | . . . Route ------- -11/Scrapyard -10/Materials -10/Subcaves (discovered 1 exit: [*Mat]) History --------- Turn | Location | Event 2 | -11/Scrapyard | Met Revision 17 72 | -11/Scrapyard | Discovered new exit (range 8) 632 | -11/Scrapyard | Entered Materials 633 | -10/Materials | Build established: Mutant 949 | -10/Materials | Lost 4 parts (1p2n1w) 1214 | -10/Materials | Build established: Scavenger-Mutant 1276 | -10/Materials | Discovered new exit (range 16) 1293 | -10/Materials | Entered Subcaves 1348 | -10/Subcaves | Shifting Twisted Machinery released Sub. Power Source 1350 | -10/Subcaves | Shifting Twisted Machinery released Sub. Machine Gun 1408 | -10/Subcaves | Discovered new exit (range 15) 1413 | -10/Subcaves | Ambushed by swarm of Subdwellers 1413 | -10/Subcaves | Ambushed by Subdwellers from Twisted Machinery 1413 | -10/Subcaves | Ambushed by Subdwellers from Twisted Machinery 1413 | -10/Subcaves | Ambushed by Subdwellers from Twisted Machinery 1413 | -10/Subcaves | Ambushed by Subdwellers from Twisted Machinery 1413 | -10/Subcaves | Ambushed by Subdwellers from Twisted Machinery 1413 | -10/Subcaves | Ambushed by Subdwellers from Twisted Machinery 1419 | -10/Subcaves | Core integrity fell below 50% 1423 | -10/Subcaves | Destroyed by GD-FXI(R) with Subdweller Machine Gun Last Messages --------------- 01414_ HV Slug penetrates JJ-9YZ(R). 01414_ JJ-9YZ(R) suffers critical hit (Destroy). 01414_ ZF-NV0(R) suffers critical hit (Destroy). 01414_ ZF-NV0(R) knocked back. 01417_ JJ-9YZ(R) suffers critical hit (Destroy). 01417_ JJ-9YZ(R) destroyed. 01418_ L4-T9O(R) suffers critical hit (Destroy). 01420_ 3B-04D(g): "Sorry we're late! Had another grouchy Sub to deal with. Who's the new fellow?" 01420_ HV Slug penetrates OU-0Y4(R). 01420_ OU-0Y4(R) suffers critical hit (Destroy). 01420_ HV Slug penetrates 8R-HG8(R). 01420_ 8R-HG8(R) suffers critical hit (Destroy). 01420_ 8R-HG8(R) knocked back. 01421_ Aluminum Leg destroyed. 01421_ I8-OWN(h) destroyed. 01421_ Scrap Shield destroyed. 01422_ TF-1PO(R) destroyed. 01422_ EG-C9F(R) destroyed. Map ----- +----------------------------------------------------+ | ?????????????????????????????????????????????????? | | ?##????????###???????????????????????????????????? | | ## ??????? ???????????????????????????????????? | | # ??????? #??????????????????????????????????? | | ??????? #??????????????????????????????????? | | ???? ?? ??????????????????????????????????? | | ?? ????# ??????????????????????????????????? | | ? ??????## #??????????????????????????????????? | | ?# ??##### #??????????????????????????????????? | | ?? ##?" ##?????????????????????????????????? | | ??# #?#" #?????????????????????????????????? | | ??# ###"" *""#?????????????????????????????????? | | ?## ## " "??###?????????????????????????????? | | ## ##"" ##?# #???#######???????????????????? | | ### ### #### #???????????????????? | | ##" ## #????????????????????? | | ## ! ###" % #?????????? ?????????? | | ?# !* ### % ## ##????????? ?????????? | | ??# !#### g #### ##????????? #????????? | | ???# #?## g #######?????????